 Dungeon Crawl Stone Soup version 0.27-a0-78-g75406f0b48 (webtiles) character file.

Game seed: 7956267888648193920

131 mortress the Insei (level 5, -6/40 HPs)
             Began as a Gnoll Transmuter on Jan 13, 2021.
             Mangled by an orc priest
             ... wielding a +0 whip
              (8 damage)
             ... on level 3 of the Dungeon.
             The game lasted 00:11:47 (3355 turns).

mortress the Insei (Gnoll Transmuter)               Turns: 3355, Time: 00:11:48

Health: -6/40      AC:  2    Str: 12    XL:     5   Next: 14%
Magic:  11/12      EV: 15    Int: 17    God:
Gold:   184        SH:  0    Dex: 15    Spells: 8/14 levels left

rFire    . . .     SeeInvis .     - Unarmed
rCold    . . .     Faith    .   (no shield)
rNeg     . . .     Spirit   .   a - +0 robe
rPois    .         Reflect  .   (helmet currently unavailable)
rElec    .         Harm     .   (no cloak)
rCorr    .         Rampage  .   (no gloves)
Will     .....                  (boots currently unavailable)
Stlth    ++........             (no amulet)
HPRegen  0.13/turn              (no ring)
MPRegen  0.13/turn              (no ring)

@: appendages, wereblooded (expiring)
A: distributed training, fangs 1, horns 2, talons 2, strong nose
a: End Transformation


You were on level 3 of the Dungeon.
You had grown temporary horns.
You had grown temporary talons.
You visited 1 branch of the dungeon, and saw 3 of its levels.

You collected 184 gold pieces.

Inventory:

Missiles
 d - 30 arrows
 m - 2 throwing nets
 p - 6 boomerangs
 v - 21 poisoned darts
Armour
 a - a +0 robe (worn)
 g - a +0 pair of boots (melded)
 s - a +1 ring mail of fire resistance
Jewellery
 q - a +6 ring of dexterity {unknown}
Scrolls
 b - 3 scrolls of teleportation {unknown}
 c - a scroll of remove curse {unknown}
 e - a scroll of fog {unknown}
 i - 2 scrolls of blinking {unknown}
 j - a scroll of enchant weapon {unknown}
 k - 2 scrolls of immolation {unknown}
 n - a scroll of amnesia {unknown}
 o - 3 scrolls of identify {unknown}
 r - a scroll of enchant armour {unknown}
Potions
 f - a potion of brilliance {unknown}
 h - a potion of heal wounds {unknown}
 l - 2 potions of attraction {unknown}
 t - a potion of degeneration {unknown}
 u - 2 potions of curing {unknown}


   Skills:
 + Level 2.9 Fighting
 + Level 1.4 Short Blades
 + Level 1.4 Long Blades
 + Level 1.4 Axes
 + Level 1.4 Maces & Flails
 + Level 1.4 Polearms
 + Level 1.4 Staves
 + Level 1.4 Slings
 + Level 1.4 Bows
 + Level 1.4 Crossbows
 + Level 1.4 Throwing
 + Level 1.4 Armour
 + Level 4.7 Dodging
 + Level 1.4 Stealth
 + Level 1.4 Shields
 + Level 6.6 Unarmed Combat
 + Level 5.1 Spellcasting
 + Level 1.1 Conjurations
 + Level 1.1 Hexes
 + Level 1.1 Summonings
 + Level 1.1 Necromancy
 + Level 1.1 Translocations
 + Level 3.9 Transmutations
 + Level 1.1 Fire Magic
 + Level 1.1 Ice Magic
 + Level 1.1 Air Magic
 + Level 1.1 Earth Magic
 + Level 1.1 Poison Magic
 + Level 1.5 Invocations
 + Level 1.4 Evocations


You had 8 spell levels left.
You knew the following spells:

 Your Spells              Type           Power        Failure   Level
a - Beastly Appendage     Tmut           34%          2%          1
b - Wereblood             Tmut           17%          4%          2
c - Spider Form           Tmut/Pois      6%           14%         3

Your spell library contained the following spells:

 Spells                   Type           Power        Failure   Level
 Ice Form                 Ice/Tmut       13%          43%         4
 Blade Hands              Tmut           8%           58%         5


Dungeon Overview and Level Annotations

Branches:
Dungeon (3/15)

Altars:


Innate Abilities, Weirdness & Mutations

Your experience applies equally to all skills.
You have very sharp teeth.
Your uncanny sense of smell can sniff out nearby items.
You have a pair of horns on your head.
You have razor-sharp toenails.


Message History

You see here a +0 hand axe.
Casting: Beastly Appendage (safe; 2% risk of failure)
Confirm with . or Enter, or press ? or * to list all spells.
You grow a pair of large bovine horns.
Your feet morph into talons.
Your +0 pair of boots melds into your body.
Your primal bloodlust is almost over.
The orc priest mumbles some strange prayers to Beogh against you.
Pain shoots through your body!
You hit the orc priest but do no damage.
The orc priest invokes the aid of Beogh against you.
Beogh smites you!
You punch the orc priest! Your headbutt misses the orc priest.
The orc priest is heavily wounded.
The orc priest calls down the wrath of Beogh upon you.
Beogh smites you!
* * * LOW HITPOINT WARNING * * *
You closely miss the orc priest. You headbutt the orc priest.
The orc priest is severely wounded.
The orc priest hits you with a +0 whip!
You die...

#.......).#.###..#...##
#########)#.# #..#....+
∆
.....###)#.###..†#..##
#.........##.......# ∆
#.#.###.####.##...##
#.....# #......#
#..#..# ####...#
#..#..#######...######
#..#.@.....##.#>#.....
#..#o#####.##.#.#.##..
..<#...# #.#.#.##.#
........... ∆..#.#.....
.............###.###...
........... #......#
............ #####)..
#[.......o... #......
.........o... #.##...


You could see an orc priest.

Vanquished Creatures
  2 adders (D:3)
  An ooze (D:1)
  5 worms
  4 dart slugs
  3 leopard geckos
  8 orcs (D:3)
  A ball python (D:1)
  8 bats
  4 giant cockroaches
  8 goblins
  11 hobgoblins
  3 jackals (D:2)
  A quokka (D:2)
  4 frilled lizards
  4 kobolds
  3 rats
70 creatures vanquished.

Notes
Turn   | Place    | Note
-------+----------+-------------------------------------------
     0 | D:1      | mortress the Gnoll Transmuter began the quest for the Orb.
     0 | D:1      | Reached XP level 1. HP: 17/17 MP: 6/6
   130 | D:1      | Reached XP level 2. HP: 22/23 MP: 5/7
   133 | D:1      | Learned a level 2 spell: Wereblood
   451 | D:1      | Reached XP level 3. HP: 28/28 MP: 9/9
   481 | D:1      | Reached skill level 5 in Spellcasting
   658 | D:1      | Reached skill level 1 in Invocations
  1043 | D:2      | Reached skill level 1 in Short Blades
  1043 | D:2      | Reached skill level 1 in Long Blades
  1043 | D:2      | Reached skill level 1 in Axes
  1043 | D:2      | Reached skill level 1 in Maces & Flails
  1043 | D:2      | Reached skill level 1 in Polearms
  1043 | D:2      | Reached skill level 1 in Staves
  1043 | D:2      | Reached skill level 1 in Slings
  1043 | D:2      | Reached skill level 1 in Bows
  1043 | D:2      | Reached skill level 1 in Crossbows
  1043 | D:2      | Reached skill level 1 in Throwing
  1043 | D:2      | Reached skill level 1 in Armour
  1043 | D:2      | Reached skill level 1 in Stealth
  1043 | D:2      | Reached skill level 1 in Shields
  1043 | D:2      | Reached skill level 1 in Evocations
  1364 | D:2      | Reached XP level 4. HP: 34/34 MP: 9/11
  2576 | D:3      | Reached skill level 1 in Conjurations
  2576 | D:3      | Reached skill level 1 in Hexes
  2576 | D:3      | Reached skill level 1 in Summonings
  2576 | D:3      | Reached skill level 1 in Necromancy
  2576 | D:3      | Reached skill level 1 in Translocations
  2576 | D:3      | Reached skill level 1 in Fire Magic
  2576 | D:3      | Reached skill level 1 in Ice Magic
  2576 | D:3      | Reached skill level 1 in Air Magic
  2576 | D:3      | Reached skill level 1 in Earth Magic
  2576 | D:3      | Reached skill level 1 in Poison Magic
  2915 | D:3      | Reached XP level 5. HP: 38/40 MP: 10/12
  2981 | D:3      | Learned a level 3 spell: Spider Form
  3354 | D:3      | HP: 2/40 [orc priest/divine providence (13)]
  3355 | D:3      | Mangled by an orc priest

Illustrated notes

Levels and vault maps discovered:
D:1:      matt_arrival_spirals, layout_loops_ring
D:2:      layout_basic, corexii_hall_statues_u
D:3:      layout_basic

Skill      XL: |  1  2  3  4 |
---------------+-------------+-----
Spellcasting   | 5 |  5.1
Invocations    | 1 |  1.5
Short Blades   | 1 |  1.4
Long Blades    | 1 |  1.4
Axes           | 1 |  1.4
Maces & Flails | 1 |  1.4
Polearms       | 1 |  1.4
Staves         | 1 |  1.4
Slings         | 1 |  1.4
Bows           | 1 |  1.4
Crossbows      | 1 |  1.4
Throwing       | 1 |  1.4
Armour         | 1 |  1.4
Stealth        | 1 |  1.4
Shields        | 1 |  1.4
Evocations     | 1 |  1.4
Conjurations   | 1 |  1.1
Hexes          | 1 |  1.1
Summonings     | 1 |  1.1
Necromancy     | 1 |  1.1
Translocations | 1 |  1.1
Fire Magic     | 1 |  1.1
Ice Magic      | 1 |  1.1
Air Magic      | 1 |  1.1
Earth Magic    | 1 |  1.1
Poison Magic   | 1 |  1.1
Fighting       | |  2.9
Dodging        | |  4.7
Unarmed Combat | |  6.6
Transmutations | |  3.9

Action                   |  1- 3 |  4- 6 || total
-------------------------+-------+-------++-------
Melee: Unarmed           |    77 |    87 ||   164
       Kick              |    14 |    17 ||    31
       Headbutt          |     8 |    12 ||    20
       Bite              |     5 |     5 ||    10
       Punch             |     3 |     2 ||     5
 Cast: Beastly Appendage |    18 |    21 ||    39
       Wereblood         |     1 |     3 ||     4
 Stab: Sleeping          |     1 |     3 ||     4
Armor: Robe              |    13 |     7 ||    20
Dodge: Dodged            |    63 |    44 ||   107

Table legend: (Time is in decaauts)
 A = Elapsed time spent in this place.
 B = Non-inter-level travel time spent in this place.
 C = Inter-level travel time spent in this place.
 D = Time resting spent in this place.
 E = Time spent auto-exploring this place.
 F = Levels seen in this place.
 G = Mean time per level.
                   A        B        C        D        E       F      G
               +--------+--------+--------+--------+--------+-----+--------+
         Total |   3334 |   3304 |     30 |    790 |   1925 |   3 | 1111.3 |
       Dungeon |   3334 |   3304 |     30 |    790 |   1925 |   3 | 1111.3 |
               +--------+--------+--------+--------+--------+-----+--------+

Top non-repeatable levels by time:
     D:2: 1631 daAuts
     D:1: 896 daAuts
     D:3: 806 daAuts
